AoeStats
← WING123456

African Clearing

510509632Analyzed
3v3 RM · 1d ago on Oct 1, 2026· 39m 38s· 6 players
Game mode
Random Map
Map size
Normal (6 player)
Population
200
Speed
Normal
Resources
Standard
Victory
Conquest
Starting age
Dark Age
Ending age
Imperial Age
RankedLock teamsTeams togetherTeam positionsShared explorationLock speedFull tech treeHidden civsTurbo modeCheats
Victory
Defeat
🇦🇹 Goths · Austria
1155
+16
🇦🇹 Hindustanis · Austria
1148
+16
🇨🇳 Mongols · China
1112
+17
🇨🇳 Huns · China
1181
-17
🇨🇳 Teutons · China
1174
-18
🇨🇳 Franks · China
1088
-14
YajiuSenpai
11:21 Feudal Age
11:49 Double-Bit Axe
12:21 Loom
15:17 Horse Collar
17:05 Wheelbarrow
20:25 Castle Age
21:24 Bloodlines
22:05 Bow Saw
21:37 Horse Collar
23:14 Town Watch
28:25 Stone Mining
29:42 Hand Cart
31:08 Stone Shaft Mining
35:34 Imperial Age
36:10 Husbandry
36:36 Conscription
36:27 Thumb Ring
36:48 Parthian Tactics
35:46 Elite Mangudai
36:32 Fletching
36:43 Padded Archer Armor
37:55 Gold Mining
38:12 Bodkin Arrow
39:31 Bracer
40:33 Chemistry
39:54 Ballistics
40:36 Chemistry
40:33 Leather Archer Armor
HOOLA | Thorfast
14:10 Feudal Age
12:37 Loom
19:15 Castle Age
18:14 Double-Bit Axe
27:22 Scale Mail Armor
33:26 Wheelbarrow
35:48 Hand Cart
35:19 Town Watch
35:36 Gold Mining
35:37 Stone Mining
37:28 Town Patrol
37:50 Chain Mail Armor
37:45 Forging
37:26 Fletching
37:02 Man-at-Arms
37:43 Squires
37:56 Long Swordsman
HOOLA | Gittlerella
14:24 Feudal Age
21:09 Castle Age
19:50 Horse Collar
21:00 Loom
23:42 Scale Barding Armor
25:30 Forging
28:19 Iron Casting
30:29 Bloodlines
32:32 Heavy Plow
35:18 Chain Barding Armor
34:57 Double-Bit Axe
35:24 Fletching
37:42 Wheelbarrow
38:33 Husbandry
42:13 Imperial Age
WING123456
5:08 Loom
13:32 Feudal Age
14:16 Double-Bit Axe
16:37 Forging
17:02 Scale Barding Armor
23:36 Castle Age
21:41 Horse Collar
22:46 Bloodlines
24:43 Gold Mining
25:54 Fletching
29:30 Bodkin Arrow
新手玩玩
5:12 Loom
15:26 Feudal Age
16:13 Horse Collar
16:26 Gold Mining
17:52 Double-Bit Axe
19:04 Bloodlines
19:56 Forging
22:14 Arson
25:52 Castle Age
23:56 Scale Mail Armor
24:38 Stone Mining
26:01 Pikeman
26:41 Squires
31:04 Wheelbarrow
30:56 Gambesons
34:46 Bow Saw
34:40 Heavy Plow
35:54 Hand Cart
36:24 Fletching
南泽
4:26 Loom
14:18 Feudal Age
16:09 Forging
16:35 Scale Barding Armor
20:14 Double-Bit Axe
29:01 Castle Age
31:26 Bow Saw
36:21 Wheelbarrow
36:41 Town Watch
37:41 Gold Mining
38:11 Husbandry
39:38 Iron Casting
40:14 Fervor
Connection lost

Rejoining the realm…

Still unreachable

The connection could not be restored.

Session expired

The server has moved on; the page needs a fresh start.